AoeStats
← 从不压堡之人

MegaRandom

509288094Analyzed
4v4 RM · 6d ago on Sep 26, 2026· 41m 48s· 8 players
Game mode
Random Map
Map size
Large (8 player)
Population
200
Speed
Normal
Resources
Standard
Victory
Conquest
Starting age
Dark Age
Ending age
Imperial Age
RankedLock teamsTeams togetherTeam positionsShared explorationLock speedFull tech treeHidden civsTurbo modeCheats
Victory
Defeat
🇨🇳 Mongols · China
1063
+19
🇨🇳 Koreans · China
1055
+19
🇫🇷 Danes · France
1053
+18
🇺🇸 Saxons · United States
999
+20
🇨🇳 Mongols · China
1404
-29
🇨🇳 Spanish · China
1110
-19
1034
-16
🇨🇳 Saxons · China
933
-12
hold up
0:37 Loom
14:03 Feudal Age
14:50 Double-Bit Axe
18:43 Castle Age
21:45 Bow Saw
21:30 Stone Mining
21:32 Gold Mining
21:25 Horse Collar
21:46 Fletching
23:59 Ballistics
23:21 Treadmill Crane
24:35 Wheelbarrow
25:08 Heavy Plow
26:56 Murder Holes
27:39 Bodkin Arrow
30:08 Fervor
30:04 Caravan
32:32 Stone Shaft Mining
32:34 Gold Shaft Mining
32:12 Forging
35:58 Imperial Age
36:10 Hand Cart
37:02 Elite Turtle Ship
39:05 Shinkichon
39:06 Conscription
38:49 Eupseong
38:10 Elite War Wagon
38:59 Thumb Ring
39:06 Bracer
39:02 Elite Turtle Ship
40:24 Hand Cart
39:54 Town Watch
Thorfinn
12:46 Feudal Age
13:53 Double-Bit Axe
18:14 Castle Age
16:47 Fletching
17:37 Fishing Lines
19:45 Bow Saw
19:53 Gillnets
21:30 Wheelbarrow
21:25 Bodkin Arrow
22:50 Hand Cart
30:09 Medium Warships
32:30 Careening
32:32 Clinker Construction
35:04 Imperial Age
33:22 Loom
33:23 Town Watch
36:43 Heavy Warships
36:45 Dry Dock
36:38 Bracer
37:54 Elite Longship
39:34 Scale Mail Armor
40:28 Elite Jomsviking
LazyDonkey
11:09 Feudal Age
11:51 Horse Collar
11:57 Double-Bit Axe
18:55 Castle Age
17:32 Wheelbarrow
17:14 Gold Mining
17:32 Stone Mining
20:23 Bow Saw
20:15 Heavy Plow
20:57 Gold Shaft Mining
20:21 Loom
21:46 Hand Cart
21:41 Fishing Lines
24:09 Fishing Lines
31:03 Imperial Age
29:51 Scale Mail Armor
30:01 Forging
30:58 Squires
33:24 Two-Man Saw
32:55 Crop Rotation
31:50 Shield Wall
32:51 Conscription
32:48 Chain Mail Armor
33:08 Iron Casting
35:43 Plate Mail Armor
37:06 Fletching
37:16 Padded Archer Armor
36:41 Elite Hearth Troop
36:47 Clerical Recruitment
37:49 Block Printing
37:59 Illumination
38:10 Theocracy
37:56 Sanctity
38:20 Bodkin Arrow
38:40 Leather Archer Armor
爱喝酸奶
10:30 Feudal Age
10:59 Double-Bit Axe
12:31 Loom
15:41 Castle Age
13:45 Horse Collar
14:42 Gold Mining
17:17 Wheelbarrow
22:58 Hand Cart
23:00 Stone Mining
23:55 Bow Saw
23:57 Town Watch
25:53 Heavy Plow
25:46 Fletching
26:43 Ballistics
27:14 Masonry
27:39 Nomads
28:12 Bodkin Arrow
29:23 Gold Shaft Mining
28:52 Murder Holes
32:24 Imperial Age
30:08 Scale Barding Armor
30:06 Padded Archer Armor
30:19 Husbandry
30:39 Fortified Wall
31:54 Bloodlines
31:47 Town Patrol
32:27 Leather Archer Armor
32:26 Forging
33:42 Conscription
34:02 Hoardings
34:37 Chemistry
33:55 Thumb Ring
33:59 Bracer
35:36 Chain Barding Armor
35:53 Parthian Tactics
35:31 Caravan
36:03 Coinage
35:47 Siege Engineers
36:42 Elite Mangudai
38:29 Guard Tower
40:24 Medium Warships
41:23 Shipwright
41:18 Clinker Construction
41:19 Careening
41:54 Heavy Warships
D4C
9:35 Loom
13:40 Feudal Age
15:06 Double-Bit Axe
15:04 Horse Collar
18:00 Castle Age
16:29 Gold Mining
19:13 Heavy Plow
19:25 Bow Saw
22:10 Wheelbarrow
22:48 Town Watch
25:27 Hand Cart
25:35 Fletching
26:15 Town Patrol
29:09 Stone Mining
29:56 Gold Shaft Mining
29:35 Caravan
29:50 Forging
29:41 Scale Mail Armor
29:37 Bodkin Arrow
30:42 Treadmill Crane
31:15 Careening
31:57 Heated Shot
32:27 Ballistics
35:45 Imperial Age
33:15 Murder Holes
33:30 Masonry
35:05 Iron Casting
34:45 Chain Mail Armor
35:05 Coinage
35:21 Medium Warships
35:56 Elite Longship
37:00 Conscription
37:04 Shipwright
37:45 Chemistry
36:51 Siege Engineers
37:07 Dry Dock
37:53 Bracer
38:24 Crop Rotation
38:06 Guilds
38:27 Banking
39:22 Plate Mail Armor
38:57 Scale Barding Armor
38:52 Padded Archer Armor
40:00 Architecture
从不压堡之人
11:41 Feudal Age
15:08 Castle Age
12:59 Double-Bit Axe
15:17 Wheelbarrow
15:06 Horse Collar
15:13 Fishing Lines
17:03 Bow Saw
23:11 Loom
24:06 Town Watch
24:46 Gillnets
25:58 Caravan
29:46 Imperial Age
27:41 Ballistics
29:49 Clinker Construction
29:56 Inquisition
30:15 Heavy Plow
31:29 Chemistry
31:00 Carvel Hull
31:44 Two-Man Saw
31:36 Arrowslits
31:41 Guard Tower
32:34 Theocracy
32:14 Block Printing
32:25 Illumination
32:27 Shipwright
33:52 Conscription
32:57 Elite Cannon Galleon
34:47 Fletching
37:16 Guilds
39:36 Careening
40:07 Medium Warships
40:50 Sanctity
40:41 Fervor
40:41 Redemption
41:37 Keep
40:57 Murder Holes
41:12 Masonry
41:12 Fortified Wall
41:12 Masonry
41:13 Fortified Wall
41:23 Dry Dock
41:07 Bodkin Arrow
41:27 Devotion
叫声乌鸦哥
10:56 Feudal Age
14:25 Castle Age
12:21 Double-Bit Axe
16:08 Bow Saw
15:44 Fishing Lines
16:35 Gillnets
18:45 Wheelbarrow
24:15 Loom
25:13 Gold Mining
25:13 Stone Mining
27:54 Imperial Age
26:21 Hand Cart
27:26 Gold Shaft Mining
27:26 Caravan
27:17 Town Watch
28:01 Clinker Construction
28:16 Nomads
29:05 Shipwright
30:09 Carvel Hull
30:15 Drill
30:16 Onager
31:03 Siege Engineers
31:22 Conscription
32:22 Chemistry
31:44 Ballistics
32:54 Coinage
32:43 Siege Onager
35:05 Husbandry
35:15 Bloodlines
34:56 Fletching
35:08 Padded Archer Armor
36:07 Banking
35:56 Bodkin Arrow
38:31 Masonry
38:57 Hoardings
38:24 Bracer
38:39 Leather Archer Armor
38:35 Thumb Ring
38:55 Parthian Tactics
40:24 Elite Mangudai
洗心革面重新做人TownYan
11:53 Feudal Age
12:22 Double-Bit Axe
14:11 Loom
15:47 Wheelbarrow
16:19 Fletching
16:21 Gold Mining
19:18 Castle Age
23:03 Wheelbarrow
26:43 Bow Saw
26:14 Horse Collar
27:33 Heavy Plow
30:35 Bodkin Arrow
31:02 Ballistics
35:10 Imperial Age
32:56 Hand Cart
33:34 Gold Shaft Mining
33:13 Medium Warships
32:48 Treadmill Crane
32:59 Heated Shot
35:45 Caravan
35:52 Bracer
36:54 Chemistry
36:09 Clinker Construction
36:12 Careening
37:04 Chemistry
36:44 Heavy Warships
39:04 Dry Dock
42:00 Guilds
42:14 Conscription
41:58 Eupseong
42:21 Shinkichon
Connection lost

Rejoining the realm…

Still unreachable

The connection could not be restored.

Session expired

The server has moved on; the page needs a fresh start.